 Dungeon Crawl Stone Soup version 0.29-a0-664-gff9cad4a3d (webtiles) character file.

Game seed: 256382003567036948

126 wilfster70 the Magician (level 5, 0/33 HPs)
             Began as an Octopode Earth Elementalist on June 22, 2022.
             Killed from afar by an orc wizard (5 damage)
             ... with a magic dart
             ... on level 4 of the Dungeon on June 23, 2022.
             The game lasted 00:12:23 (4198 turns).

wilfster70 the Magician (OpEE)                      Turns: 4198, Time: 00:12:24

Health: 0/33       AC:  1    Str:  8    XL:     5   Next: 9%
Magic:  4/9        EV: 14    Int: 19    God:
Gold:   126        SH:  0    Dex: 18    Spells: 7/10 levels left

rFire   . . .      SeeInvis +   a - +0 hunting sling
rCold   . . .      Faith    .   (no shield)
rNeg    . . .      Spirit   .   (helmet restricted)
rPois   +          Reflect  .   (no amulet)
rElec   +          Harm     .   b - ring "Xyot" {rElec rPois Dex+6 SInv Stlth+}
rCorr   .          Rampage  .   (no ring)
Will    .....                   (no ring)
Stlth   ++++......              (no ring)
HPRegen 0.11/turn               (no ring)
MPRegen 0.11/turn               (no ring)
                                (no ring)
                                (no ring)

@: no status effects
A: almost no armour, amphibious, 8 rings, camouflage 1, gelatinous body 1,
(nimble swimmer 1), tentacles
a: no special abilities


You were on level 4 of the Dungeon.
You visited 1 branch of the dungeon, and saw 4 of its levels.

You collected 138 gold pieces.
You spent 12 gold pieces at shops.

Inventory:

Hand Weapons
 a - a +0 hunting sling (weapon)
Missiles
 g - 8 poisoned darts
Jewellery
 b - the ring "Xyot" (left tentacle) {rElec rPois Dex+6 SInv Stlth+}
   (You acquired it on level 2 of the Dungeon)

   [ring of dexterity]

   Dex:       It affects your dexterity (+6).
   rElec:     It insulates you from electricity.
   rPois:     It protects you from poison.
   SInv:      It lets you see invisible.
   Stlth:     It makes you more stealthy.
 e - a ring of fire
Scrolls
 m - a scroll of poison {unknown}
 n - a scroll of fear
Potions
 c - a potion of magic
 d - 2 potions of brilliance
 f - a potion of flight {unknown}
 h - a potion of resistance {unknown}
 i - 2 potions of curing {unknown}
 j - 2 potions of lignification {unknown}
 k - a potion of attraction {unknown}
 l - a potion of degeneration {unknown}


   Skills:
 - Level 1.5 Fighting
 - Level 2.6 Dodging
 - Level 2.6 Stealth
 + Level 3.1 Spellcasting
 + Level 2.7 Transmutations
 - Level 3.0 Earth Magic


You had 7 spell levels left.
You knew the following spells:

 Your Spells              Type           Power      Damage    Failure   Level
a - Sandblast             Erth           28%        2d8       4%          1
b - Passwall              Tmut/Erth      11%        N/A       7%          2

Your spell library contained the following spells:

 Spells                   Type           Power      Damage    Failure   Level
 Freeze                   Ice            12%        1d4       16%         1
 Stone Arrow              Conj/Erth      16%        3d8       24%         3
 Frozen Ramparts          Ice            6%         1d2       41%         3
 Portal Projectile        Hex/Tloc       6%         N/A       41%         3
 Tukima's Dance           Hex            3%         N/A       41%         3
 Petrify                  Tmut/Erth      14%        N/A       41%         4
 Blade Hands              Tmut           6%         N/A       78%         5
 Hailstorm                Conj/Ice       3%         3d3       83%         4


Dungeon Overview and Level Annotations

Branches:
Dungeon (4/15)
 Temple: D:4-7

Altars:
Fedhas
Gozag
Trog

Shops:
D:2 ?

Annotations:
D:2 exclusion: downstairs
D:3 Ijyb
D:4 1 runed translucent door, surr's ghost, amateur SpBr


Innate Abilities, Weirdness & Mutations

You cannot wear most types of armour.
You are amphibious.
You can wear up to eight rings at the same time.
Your skin changes colour to match your surroundings (Stealth+).
Your rubbery body absorbs attacks. (AC +1, EV +1)
((You are camouflaged when in or above water. (Stealth+)))
You have tentacles for arms and can constrict up to eight enemies at once.


Message History

You resist with some effort.
Casting: Sandblast (safe; 4% risk of failure)
Confirm with . or Enter, or press ? or * to list all spells.
Aiming: Sandblast (safe; 4% risk of failure)
Press: ? - help, Shift-Dir - straight line, f - orc wizard
Aim: an orc wizard, wielding a +0 dagger and wearing a +0 robe (74% to hit)
The blast of sand hits the orc wizard.
The orc wizard is moderately wounded.
The orc wizard hits you with a +0 dagger.
* * * LOW HITPOINT WARNING * * *
Casting: Sandblast (safe; 4% risk of failure)
Confirm with . or Enter, or press ? or * to list all spells.
Aiming: Sandblast (safe; 4% risk of failure)
Press: ? - help, Shift-Dir - straight line, f/p - orc wizard
Aim: an orc wizard, wielding a +0 dagger and wearing a +0 robe (moderately wounded, 74% to hit)
The blast of sand hits the orc wizard!
The orc wizard is almost dead.
The orc wizard hits you with a +0 dagger.
* * * LOW HITPOINT WARNING * * *
The orc wizard completely misses you. The orc wizard misses you.
The orc wizard barely misses you.
Casting: Sandblast (safe; 4% risk of failure)
Confirm with . or Enter, or press ? or * to list all spells.
Aiming: Sandblast (safe; 4% risk of failure)
Press: ? - help, Shift-Dir - straight line, f/p - orc wizard
Aim: an orc wizard, wielding a +0 dagger and wearing a +0 robe (almost dead, 74% to hit)
The blast of sand hits the orc wizard.
You kill the orc wizard!
The orc wizard barely misses you. The orc wizard misses you.
You have reached level 5!
You feel stronger.
Casting: Sandblast (safe; 4% risk of failure)
Confirm with . or Enter, or press ? or * to list all spells.
Aiming: Sandblast (safe; 4% risk of failure)
Press: ? - help, Shift-Dir - straight line, f - orc wizard
Aim: an orc wizard, wielding a +0 dagger and wearing a +0 robe (74% to hit)
The blast of sand misses the orc wizard.
The orc wizard gestures at you while chanting.
The magic dart hits you.
You die...

#.### #.# #........###
#.# ....########...#
#.# #.#...## #...# ..#
#......# #...# ### ###
#......# #...# ...
##.....#####...##.####
#...................
#....o......<.......
#...@)..............
#.######.#...#..##.#
#.# #.#...#.>... #.#
#.#o..#.##... #.#
#.#...#.# #. # ### #.#
#.......# ..# #.#
##.......#####
#.#########.#
#............#
###.##......<.#
##.......###.#


You could see an orc wizard.

Vanquished Creatures
  An orc wizard (D:4)
  3 adders
  An ufetubus (D:4)
  2 dart slugs
  2 orcs (D:4)
  6 ball pythons
  4 endoplasms
  3 giant cockroaches
  2 hobgoblins
  6 jackals (D:3)
  A quokka (D:4)
  8 bats
  6 frilled lizards
  9 goblins
  3 kobolds
  3 rats
60 creatures vanquished.

Notes
Turn   | Place    | Note
-------+----------+-------------------------------------------
     0 | D:1      | wilfster70 the Octopode Earth Elementalist began the quest
                  | for the Orb.
     0 | D:1      | Reached XP level 1. HP: 11/11 MP: 3/3
   319 | D:1      | Reached skill level 1 in Fighting
   319 | D:1      | Reached XP level 2. HP: 18/18 MP: 5/5
  1097 | D:2      | Learned a level 2 spell: Passwall
  1290 | D:2      | Reached XP level 3. HP: 23/23 MP: 6/6
  1648 | D:2      | Found Isets's Magic Scroll Shoppe.
  1661 | D:2      | Bought a scroll of noise for 12 gold pieces
  1693 | D:2      | Identified a scroll of acquirement
  1693 | D:2      | Acquired the ring "Xyot" {rElec rPois Dex+6 SInv Stlth+}
  1863 | D:2      | Found a blossoming altar of Fedhas.
  2360 | D:3      | Reached XP level 4. HP: 28/28 MP: 7/7
  2515 | D:3      | Noticed Ijyb
  3214 | D:3      | Found a faded altar of an unknown god.
  3409 | D:3      | Found an opulent altar of Gozag.
  3508 | D:3      | Found a bloodstained altar of Trog.
  3974 | D:4      | Found a runed translucent door.
  3982 | D:4      | Noticed surr's ghost (amateur SpBr)
  4198 | D:4      | Reached XP level 5. HP: 5/33 MP: 5/9
  4198 | D:4      | Killed from afar by an orc wizard

Illustrated notes

Levels and vault maps discovered:
D:1:      tarquinn_simple_flora_water_d, layout_basic
D:2:      layout_basic, basic_altar, serial_shops, shop_statue
D:3:      kennysheep_goblin_castle, layout_basic, overflow_temple_1_default,
          mainiacjoe_overflow_boulevard, shapermc_ecumenical_altar_pompeii
D:4:      layout_loops_cross, nicolae_tso_swordbearing_angel,
          portal_sewer_entry_e, ebering_ghost_sewer_f

Skill      XL: |  1  2  3  4 |
---------------+-------------+-----
Fighting       | 1 |  1.5
Transmutations | 2 |  2.7
Spellcasting   | 3 |  3.1
Dodging        | |  2.6
Stealth        | |  2.6
Earth Magic    | |  3.0

Action                   |  1- 3 |  4- 6 || total
-------------------------+-------+-------++-------
Melee: Unarmed           |    39 |     6 ||    45
       Constrict         |    15 |       ||    15
       Tentacles         |    11 |     1 ||    12
       Punch             |     1 |       ||     1
 Fire: Hunting sling     |    26 |    35 ||    61
 Cast: Sandblast         |    16 |    32 ||    48
  Use: Scroll            |     5 |       ||     5
 Stab: Sleeping          |     5 |       ||     5
Armor: Skin              |     6 |     5 ||    11
Dodge: Dodged            |    33 |    58 ||    91

Table legend: (Time is in decaauts)
 A = Elapsed time spent in this place.
 B = Non-inter-level travel time spent in this place.
 C = Inter-level travel time spent in this place.
 D = Time resting spent in this place.
 E = Time spent auto-exploring this place.
 F = Levels seen in this place.
 G = Mean time per level.
                   A        B        C        D        E       F      G
               +--------+--------+--------+--------+--------+-----+--------+
         Total |   4270 |   4123 |    147 |   1383 |   1094 |   4 | 1067.5 |
       Dungeon |   4270 |   4123 |    147 |   1383 |   1094 |   4 | 1067.5 |
               +--------+--------+--------+--------+--------+-----+--------+

Top non-repeatable levels by time:
     D:2: 1507 daAuts
     D:3: 1347 daAuts
     D:1: 1093 daAuts
     D:4: 321 daAuts
